 Dungeon Crawl Stone Soup version 0.20.1-1-g8b1a95d (webtiles) character file.

3038 LittleTurtle the Cutter (level 10, 0/79 HPs)
             Began as a Human Fighter on Nov 13, 2017.
             Was a Priest of Okawaru.
             Slain by bande's ghost (3 damage)
             ... on level 7 of the Dungeon.
             The game lasted 00:29:22 (9479 turns).

LittleTurtle the Cutter (Human Fighter)             Turns: 9479, Time: 00:29:23

Health: 0/79       AC: 10    Str: 17      XL:     10   Next: 11%
Magic:  0/19       EV: 13    Int: 10      God:    Okawaru [***...]
Gold:   253        SH: 10    Dex: 13 (14) Spells: 9/9 levels left

rFire    + + .     SeeInvis .   a - +0 rapier
rCold    . . .     Gourm    .   c - +0 shield
rNeg     . . .     Faith    .   d - +3 leather armour {rF+}
rPois    .         Spirit   +   (no helmet)
rElec    .         Reflect  .   m - +0 cloak
rCorr    .         Harm     .   (no gloves)
MR       +....     Clarity  +   u - +1 pair of boots
Stlth    +.........             n - amulet of guardian spirit
Regen    0.7/turn               t - ring of magical power
MPRegen  0.2/turn               y - ring of protection from fire

@: about to teleport
A: hooves 1, clarity, magic resistance 1, regeneration 1
a: Heroism, Renounce Religion


You were on level 7 of the Dungeon.
You worshipped Okawaru.
Okawaru was most pleased with you.
You were not hungry.

You visited 1 branch of the dungeon, and saw 7 of its levels.

You collected 305 gold pieces.
You spent 52 gold pieces at shops.

Inventory:

Hand Weapons
 a - a +0 rapier (weapon)
Armour
 c - a +0 shield (worn)
 d - a +3 leather armour of fire resistance (worn)
 m - a +0 cloak (worn)
 u - a +1 pair of boots (worn)
Jewellery
 n - an amulet of guardian spirit (around neck)
 t - a ring of magical power (left hand)
 y - a ring of protection from fire (right hand)
Wands
 b - a wand of paralysis (0/24)
 l - a wand of polymorph (19/24)
 s - a wand of lightning (7/15)
Scrolls
 e - 4 scrolls of remove curse
 i - 3 scrolls of recharging
 x - a scroll of fear {unknown}
 A - 2 scrolls of noise {unknown}
 B - a scroll of summoning {unknown}
Potions
 h - a potion of flight
 j - a potion of resistance
 p - a potion of mutation
 r - a potion of invisibility {unknown}
 v - a potion of lignification
Books
 k - a book of Minor Magic

   Spells                             Type                      Level
   a - Magic Dart                     Conjuration                  1
   b - Blink                          Translocation                2
   c - Call Imp                       Summoning                    2
   d - Slow                           Hexes                        2
   e - Conjure Flame                  Conjuration/Fire             3
   f - Mephitic Cloud                 Conjuration/Poison/Air       3
Comestibles
 f - 2 bread rations
 g - 4 meat rations
 z - a royal jelly


   Skills:
 * Level 7.1 Fighting
 + Level 7.8 Short Blades
 + Level 4.7 Armour
 * Level 6.0 Dodging
 + Level 0.9 Stealth
 + Level 6.0 Shields
 + Level 0.4 Invocations
 + Level 0.4 Evocations


You had 9 spell levels left.
You didn't know any spells.

Dungeon Overview and Level Annotations

Branches:
Dungeon (7/15)             Temple (0/1) D:7

Altars:
Gozag
Kikubaaqudgha
Nemelex Xobeh
Okawaru
Qazlal
The Shining One

Shops:
D:6 *

Annotations:
D:7 bande's ghost, novice MiBe


Innate Abilities, Weirdness & Mutations

You have large cloven feet.
You possess an exceptional clarity of mind.
You are resistant to hostile enchantments. (MR+)
Your natural rate of healing is unusually fast.


Message History

Bande's ghost is severely damaged.
You block bande's ghost's attack.
You hit bande's ghost but do no damage.
Bande's ghost is severely damaged.
Bande's ghost hits you but does no damage.
You hit bande's ghost but do no damage.
Bande's ghost is severely damaged.
You block bande's ghost's attack.
You puncture bande's ghost!
Bande's ghost is almost destroyed.
Bande's ghost hits you.
* * * LOW HITPOINT WARNING * * *
x2
As you read the scroll of teleportation, it crumbles to dust.
You feel strangely unstable. Bande's ghost hits you.
* * * LOW HITPOINT WARNING * * *
x2 You barely miss bande's ghost.
Bande's ghost is almost destroyed.
Bande's ghost hits you!
* * * LOW HITPOINT WARNING * * *
You die...

***,,,,,,,* *,,,,* #.#
*,,,,,,,* ****** #.#
*,,,,,,,* #.#
*,,,,,,,*** #.#
*****,,,,,* #.#
*,,,,,* #.# *,,∩,,*
#.#
*,,)..##############.#
*,,......W@..........#
*,,#...#############.#
**,#**** #.# *** ###


You could see bande's ghost.

Vanquished Creatures
  The ghost of amavritansky the Covert, a novice SpAs of Dithmenos (D:4)
  Eustachio (D:5)
  Menkaure (D:5)
  Edmund (D:5)
  A black bear (D:6)
  An orc warrior (D:6)
  5 ogres
  2 phantoms
  A centaur (D:4)
  A big kobold (D:7)
  3 bullfrogs (D:6)
  5 wights (D:6)
  3 crimson imps
  A bullfrog zombie (D:5)
  A hound (D:6)
  A jelly (D:5)
  4 orc priests
  Crazy Yiuf (D:2)
  11 worker ants
  Ijyb (D:4)
  An iguana (D:4)
  Natasha (D:2)
  3 orc wizards (D:4)
  A hound skeleton (D:4)
  3 worker ant zombies
  3 gnolls
  12 adders
  2 oozes
  2 adder skeletons
  3 worms
  2 dart slugs
  5 leopard geckos
  19 orcs
  A ball python (D:2)
  18 bats
  4 giant cockroaches
  11 goblins
  15 hobgoblins
  11 jackals
  16 kobolds
  6 quokkas
  9 frilled lizards
  A jackal skeleton (D:4)
  7 rats
202 creatures vanquished.

Vanquished Creatures (others)
  An iguana (D:6)
1 creature vanquished.

Grand Total: 203 creatures vanquished

Notes
Turn   | Place    | Note
-------+----------+-------------------------------------------
     0 | D:1      | LittleTurtle the Human Fighter began the quest for the Orb.
     0 | D:1      | Reached XP level 1. HP: 18/18 MP: 1/1
   103 | D:1      | Reached XP level 2. HP: 24/24 MP: 2/2
   463 | D:1      | Reached XP level 3. HP: 17/29 MP: 3/3
   627 | D:1      | Reached XP level 4. HP: 33/35 MP: 4/4
  1181 | D:2      | Noticed Natasha
  1407 | D:2      | Found a runed door.
  1608 | D:2      | Killed Natasha
  1608 | D:2      | Reached XP level 5. HP: 10/42 MP: 5/5
  1857 | D:2      | Reached skill level 1 in Dodging
  2270 | D:2      | Noticed Crazy Yiuf
  2322 | D:2      | Killed Crazy Yiuf
  2430 | D:3      | Found an opulent altar of Gozag.
  3037 | D:3      | Reached XP level 6. HP: 20/48 MP: 6/6
  3848 | D:3      | Noticed Ijyb
  3851 | D:3      | Paralysed by Ijyb for 6 turns
  3867 | D:3      | Paralysed by Ijyb for 3 turns
  3944 | D:3      | Found an iron altar of Okawaru.
  3967 | D:3      | Became a worshipper of Warmaster Okawaru
  4755 | D:4      | Reached XP level 7. HP: 29/54 MP: 7/7
  5079 | D:4      | Killed Ijyb
  5393 | D:4      | Noticed amavritansky's ghost (novice SpAs)
  5743 | D:4      | Reached * piety under Okawaru
  5743 | D:4      | Reached skill level 5 in Short Blades
  5959 | D:4      | Reached XP level 8. HP: 34/61 MP: 8/8
  5979 | D:4      | Reached skill level 5 in Fighting
  6389 | D:4      | Found an ancient bone altar of Kikubaaqudgha.
  6389 | D:4      | Found a glowing golden altar of the Shining One.
  6810 | D:4      | Killed amavritansky's ghost
  6810 | D:4      | Reached ** piety under Okawaru
  6906 | D:5      | Entered Level 5 of the Dungeon
  7136 | D:5      | Noticed Edmund
  7143 | D:5      | Killed Edmund
  7143 | D:5      | Reached XP level 9. HP: 63/69 MP: 9/9
  7198 | D:5      | Found a sparkling altar of Nemelex Xobeh.
  7213 | D:5      | Noticed Menkaure
  7215 | D:5      | Noticed Eustachio
  7254 | D:6      | Reached skill level 5 in Shields
  7982 | D:6      | Reached skill level 5 in Dodging
  8080 | D:6      | Reached *** piety under Okawaru
  8295 | D:6      | Found Woocouq's Assorted Antiques.
  8321 | D:6      | Bought a scroll of identify for 52 gold pieces
  8370 | D:5      | Killed Menkaure
  8869 | D:5      | Killed Eustachio
  8869 | D:5      | Reached XP level 10. HP: 73/77 MP: 10/10
  8931 | D:5      | Gained mutation: You possess an exceptional clarity of mind. [potion of mutation]
  8931 | D:5      | Gained mutation: You have large cloven feet. [potion of mutation]
  8931 | D:5      | Gained mutation: Your natural rate of healing is unusually fast. [potion of mutation]
  8931 | D:5      | Gained mutation: You are resistant to hostile enchantments. (MR+) [potion of mutation]
  9055 | D:6      | Found a stormy altar of Qazlal.
  9397 | D:7      | Noticed bande's ghost (novice MiBe)
  9479 | D:7      | HP: 3/79 [bande's ghost (11)]
  9479 | D:7      | Slain by bande's ghost

Skill      XL: |  1  2  3  4  5  6  7  8  9 10 |
---------------+-------------------------------+-----
Short Blades   | 3 4 5 6 7 |  7.8
Dodging        | 1 2 4 5 6 |  6.0
Fighting       | 4 5 6 7 |  7.1
Armour         | 4 |  4.7
Shields        | 4 5 6 |  6.0
Stealth        | |  0.9
Invocations    | |  0.4
Evocations     | |  0.4

Action                   |  1- 3 |  4- 6 |  7- 9 | 10-12 || total
-------------------------+-------+-------+-------+-------++-------
Melee: Rapier            |    96 |   393 |   509 |   156 ||  1154
       Unarmed           |       |     2 |       |       ||     2
Invok: Heroism           |       |       |     3 |     1 ||     4
Evoke: Wand              |       |       |     3 |       ||     3
  Use: Potion            |     1 |     5 |     5 |     3 ||    14
       Scroll            |       |     9 |     5 |     2 ||    16
 Stab: Distracted        |       |       |     1 |     1 ||     2
  Eat: Chunk             |       |     3 |     7 |       ||    10
       Fruit             |       |     1 |       |       ||     1
       Meat ration       |       |     1 |       |       ||     1
       Bread ration      |       |     1 |     2 |       ||     3
Armor: Scale mail        |    41 |       |       |       ||    41
       Chain mail        |       |    96 |       |       ||    96
       Ring mail         |       |    77 |     3 |       ||    80
       Leather armour    |       |       |    90 |    25 ||   115
       Skin              |       |       |     9 |       ||     9
Dodge: Dodged            |    25 |   128 |   184 |    47 ||   384
Block: Shield            |    44 |   204 |   200 |    57 ||   505
